 Dungeon Crawl Stone Soup version 0.26-a0-264-g3a471323bd (webtiles) character file.

Game seed: 11995262048308722563

328 BritishOli the Skirmisher (level 6, -8/49 HPs)
             Began as a Demonspawn Fighter on July 11, 2020.
             Killed by divine providence
             ... invoked by an orc priest
              (11 damage)
             ... on level 3 of the Dungeon.
             The game lasted 00:01:44 (2321 turns).

BritishOli the Skirmisher (Demonspawn Fighter)      Turns: 2321, Time: 00:01:44

Health: -8/49      AC:  9    Str: 18    XL:     6   Next: 25%
Magic:  6/6        EV:  7    Int:  9    God:
Gold:   74         SH: 14    Dex: 13    Spells: 5/5 levels left

rFire    + . .     SeeInvis .   a - +0 long sword
rCold    . . .     Faith    .   c - +0 kite shield
rNeg     . . .     Spirit   .   b - +0 scale mail
rPois    .         Reflect  +   (helmet restricted)
rElec    .         Harm     .   (no cloak)
rCorr    .                      (no gloves)
MR       .....                  (no boots)
Stlth    ..........             o - amulet of reflection
HPRegen  0.16/turn              k - ring of fire
MPRegen  0.10/turn              (no ring)

@: no status effects
A: antennae 2, thin metallic scales 1, cold resistance 1
a: no special abilities


You were on level 3 of the Dungeon.
You were not hungry.

You visited 1 branch of the dungeon, and saw 3 of its levels.

You collected 74 gold pieces.

Inventory:

Hand Weapons
 a - a +0 long sword (weapon)
Armour
 b - a +0 scale mail (worn)
 c - a +0 kite shield (worn)
Jewellery
 k - a ring of fire (left hand)
 o - an amulet of reflection (around neck)
Scrolls
 d - a scroll of remove curse {unknown}
 e - a scroll of blinking {unknown}
 g - 2 scrolls of teleportation {unknown}
 h - 2 scrolls of fog {unknown}
 m - 3 scrolls of identify {unknown}
 n - a scroll of random uselessness {unknown}
 p - a scroll of amnesia {unknown}
Potions
 i - 2 potions of ambrosia {unknown}
 j - 2 potions of lignification {unknown}
 l - a potion of flight {unknown}
Comestibles
 f - 2 rations


   Skills:
 + Level 4.3 Fighting
 + Level 3.3 Long Blades
 + Level 3.9 Armour
 + Level 4.0 Shields


You had 5 spell levels left.
You didn't know any spells.
Your spell library was empty.

Dungeon Overview and Level Annotations

Branches:
Dungeon (3/15)

Altars:


Innate Abilities, Weirdness & Mutations

You have a pair of antennae on your head.
You are partially covered in thin metallic scales. (AC +2)
Your flesh is cold resistant. (rC+)


Message History

You barely miss the orc priest.
The orc priest is lightly wounded.
The orc priest begins to cast a cantrip, but forgets the words!
You block the orc priest's attack.
You hit the orc priest but do no damage.
The orc priest is lightly wounded.
You block the orc priest's attack.
You hit the orc priest.
The orc priest is moderately wounded.
The orc priest invokes the aid of Beogh against you.
Beogh smites you!
* * * LOW HITPOINT WARNING * * *
You closely miss the orc priest.
The orc priest is moderately wounded.
The orc priest begins to cast a cantrip, but forgets the words!
You hit the orc priest.
The orc priest is heavily wounded.
The orc priest calls down the wrath of Beogh upon you.
Beogh smites you!
You die...

?# .. .#
##. #..
# #S# #.
#o# #.
#@#
#.####.#
#......#
##..##.#
##.##.#
#.##..
#.#####
#.# #.#


You could see an orc priest and a ball python.

Vanquished Creatures
  Purgy (D:3)
  An orc wizard (D:3)
  Jessica (D:2)
  Robin (D:3)
  4 gnolls
  5 adders (D:3)
  A worm (D:2)
  A dart slug (D:1)
  2 leopard geckos (D:2)
  2 orcs (D:3)
  3 ball pythons
  6 bats
  A giant cockroach (D:1)
  10 goblins
  8 hobgoblins
  8 jackals
  5 kobolds
  4 frilled lizards
  5 rats
69 creatures vanquished.

Notes
Turn   | Place    | Note
-------+----------+-------------------------------------------
     0 | D:1      | BritishOli the Demonspawn Fighter began the quest for the
                  | Orb.
     0 | D:1      | Reached XP level 1. HP: 18/18 MP: 1/1
   216 | D:1      | Gained mutation: You are partially covered in thin metallic
                  | scales. (AC +2) [demonic ancestry]
   216 | D:1      | Reached XP level 2. HP: 16/24 MP: 2/2
   758 | D:2      | Gained mutation: You have a pair of small antennae on your
                  | head. [demonic ancestry]
   758 | D:2      | Reached XP level 3. HP: 29/29 MP: 3/3
   942 | D:2      | Noticed Jessica
   953 | D:2      | Killed Jessica
  1112 | D:2      | Gained mutation: You have a pair of antennae on your head.
                  | [demonic ancestry]
  1112 | D:2      | Reached XP level 4. HP: 35/35 MP: 4/4
  1469 | D:3      | Noticed Purgy
  1490 | D:3      | Killed Purgy
  1490 | D:3      | Gained mutation: Your flesh is cold resistant. (rC+)
                  | [demonic ancestry]
  1490 | D:3      | Reached XP level 5. HP: 17/42 MP: 5/5
  1773 | D:3      | Noticed Robin
  1793 | D:3      | Killed Robin
  2010 | D:3      | Reached XP level 6. HP: 36/48 MP: 6/6
  2319 | D:3      | HP: 2/49 [orc priest/divine providence (8)]
  2321 | D:3      | Killed from afar by an orc priest

Illustrated notes

Levels and vault maps discovered:
D:1:      dpeg_arrival_arbitrary_a, layout_rooms
D:2:      layout_loops_ring, st_stairs_5, uniq_jessica
D:3:      layout_loops_ring, chequers_decorated_corner, uniq_sigmund,
          uniq_purgy, uniq_robin

Skill      XL: |  1  2  3  4  5  6 |
---------------+-------------------+-----
Long Blades    | 2 3 |  3.3
Armour         | 3 |  3.9
Shields        | 3 4 |  4.0
Fighting       | 4 |  4.3

Action                   |  1- 3 |  4- 6 || total
-------------------------+-------+-------++-------
Melee: Long sword        |    78 |   209 ||   287
  Use: Potion            |       |     1 ||     1
  Eat: Ration            |     1 |     1 ||     2
Armor: Scale mail        |    43 |    78 ||   121
Dodge: Dodged            |    26 |    53 ||    79
Block: Kite shield       |    43 |   162 ||   205
       Reflection        |       |     2 ||     2
       Rpst.: Long sword |     9 |    19 ||    28

Table legend:
 A = Non-vault XP
 B = Vault XP
 C = Vault XP percentage of total XP
 D = Non-vault monster count
 E = Vault monster count
 F = Vault count percentage of total count
                 A         B        C        D         E       F
            +---------+---------+-------+---------+---------+-------
      Total |     243 |     226 |  48.2 |      52 |      17 |  24.6
            +---------+---------+-------+---------+---------+-------
        D:1 |      35 |       0 |   0.0 |      13 |       0 |   0.0
        D:2 |      37 |      41 |  52.6 |      20 |       3 |  13.0
        D:3 |     171 |     185 |  52.0 |      19 |      14 |  42.4
            +---------+---------+-------+---------+---------+-------
